 Dungeon Crawl Stone Soup version 0.32-a0-616-g9348d4545b (webtiles) character file.

Game seed: 13275245917748821575

681 horus123 the Destroyer (level 7, 0/36 HPs)
             Began as a Deep Elf Conjurer on Mar 6, 2024.
             Shot with an arrow by a centaur (10 damage)
             ... on level 5 of the Dungeon.
             The game lasted 00:07:21 (3548 turns).

horus123 the Destroyer (Deep Elf Conjurer)          Turns: 3548, Time: 00:07:22

Health: 0/36       AC:  4    Str:  4    XL:     7   Next: 34%
Magic:  14/18      EV: 12    Int: 25    God:
Gold:   250        SH:  0    Dex: 13    Spells: 3/18 levels left

rFire   . . .        d - +0 short sword
rCold   . . .        (no shield)
rNeg    . . .        a - +0 robe
rPois   +            u - +0 helmet
rElec   .            p - +0 cloak
rCorr   .            (no gloves)
SInv    .            (no boots)
Will    .....        j - amulet of magic regeneration
Stlth   ++           g - ring of poison resistance
HPRegen 0.26/turn    (no ring)
MPRegen 0.56/turn

%: no passive effects
@: no status effects
A: no striking features
a: no special abilities


You were on level 5 of the Dungeon.
You visited 1 branch of the dungeon, and saw 5 of its levels.

You collected 250 gold pieces.

Inventory:

Hand Weapons
 d - a +0 short sword (weapon)
Armour
 a - a +0 robe (worn)
 p - a +0 cloak (worn)
 u - a +0 helmet (worn)
Jewellery
 g - a ring of poison resistance (left hand)
 j - an amulet of magic regeneration (around neck)
 o - an amulet of regeneration
 v - the ring of Arhawiko {rElec rF+ Will- Dex+6}
   (You found it on level 5 of the Dungeon)

   [ring of protection from fire]

   Dex+6:     It affects your dexterity (+6).
   rF+:       It protects you from fire.
   rElec:     It insulates you from electricity.
   Will-:     It decreases your willpower.
Scrolls
 f - 3 scrolls of identify {unknown}
 i - 2 scrolls of teleportation {unknown}
 l - 2 scrolls of noise {unknown}
 m - a scroll of revelation {unknown}
 r - 2 scrolls of amnesia {unknown}
Potions
 b - a potion of magic
 c - a potion of mutation {unknown}
 e - 2 potions of lignification {unknown}
 h - a potion of cancellation {unknown}
 k - a potion of ambrosia {unknown}
 n - a potion of berserk rage {unknown}
 q - a potion of curing {unknown}
 s - a potion of heal wounds {unknown}
 t - 3 potions of might {unknown}


   Skills:
 - Level 2.4 Dodging
 - Level 2.4 Stealth
 - Level 6.0 Spellcasting
 + Level 8.9 Conjurations


You had 3 spell levels left.
You knew the following spells:

 Your Spells              Type           Power      Damage    Failure   Level
a - Magic Dart            Conj           100%       1d8       1%          1
b - Searing Ray           Conj           100%       2d8       1%          2
c - Fulminant Prism       Conj/Alch      14%        3d8       12%         4
d - Iskenderun's Mystic   Conj/Tloc      29%        2d7       12%         4
e - Anguish               Hex/Necr       3%         N/A       58%         4

Your spell library contained the following spells:

 Spells                   Type           Power      Damage    Failure   Level
 Ensorcelled Hibernation  Hex/Ice        14%        N/A       11%         2
 Fugue of the Fallen      Necr           7%         N/A       22%         3
 Passwall                 Erth           7%         N/A       22%         3
 Swiftness                Air            7%         N/A       22%         3


Dungeon Overview and Level Annotations

Branches:
Dungeon (5/15)
 Temple: D:4-7

Altars:
Trog

Shops:
D:2 :

Annotations:
D:1 1 transporter
D:5 1 transporter, DiddlyDoom's ghost, novice GrEE


Message History

You finish channelling your searing ray.
A bombardier beetle comes into view.
You have reached level 7!
The magic dart hits the bombardier beetle.
The bombardier beetle is lightly wounded.
The magic dart hits the bombardier beetle.
The bombardier beetle is moderately wounded.
The magic dart hits the bombardier beetle!
The bombardier beetle is severely wounded.
The magic dart hits the bombardier beetle but does no damage.
The bombardier beetle is severely wounded.
The magic dart hits the bombardier beetle but does no damage.
The bombardier beetle is severely wounded.
The magic dart hits the bombardier beetle.
The bombardier beetle is almost dead.
Casting: Magic Dart (safe; 1% risk of failure)
Confirm with . or Enter, or press ? or * to list all spells.
Aiming: Searing Ray (safe; 1% risk of failure)
Press: ? - help, Shift-Dir - straight line, f/p - bombardier beetle
Aim: a bombardier beetle (almost dead, 90% to hit)
The searing ray hits the bombardier beetle!
You kill the bombardier beetle! (Press . to maintain the ray.) Unknown command.
You start resting.
A gnoll comes into view. It is wielding a +0 halberd.
DiddlyDoom's ghost screams, "Don't try to defend!
You have no chance!"
A centaur comes into view.
The centaur wields a +0 orcbow.
The centaur shoots an arrow.
The arrow hits you!
The centaur shoots an arrow.
The arrow hits you!
The centaur shoots an arrow.
The arrow closely misses you.
A gnoll comes into view. It is wielding a +0 heavy flail.
The centaur shoots an arrow.
The arrow barely misses you.
The centaur shoots an arrow.
The arrow hits you!
* * * LOW HITPOINT WARNING * * *
The gnoll shouts!
The gnoll shouts!
The centaur shoots an arrow.
The arrow hits you!
You die...

#####.............
....##............
..#.ß#............
.#...#........####
....O#............
©...W#©...........
....o#..+#+#########
.#..s#.†...........#
..#.ß#.........@...#
....##...##'####...#
#####....#.)) .c..#
.........#.........#
.........#...P.cP....
.#..#.#..#..))?...g...
#..#.#....P......P...#
# #.....g...g.....#


You could see a centaur and 2 gnolls.

Vanquished Creatures
  Sigmund (D:5)
  A scorpion (D:5)
  2 jellies (D:4)
  3 bombardier beetles
  An orc priest (D:3)
  An orc wizard (D:4)
  Robin (D:4)
  3 adders (D:2)
  8 gnolls
  3 dart slugs
  3 ribbon worms
  9 orcs
  7 ball pythons
  6 bats
  8 endoplasms
  3 giant cockroaches
  14 goblins
  13 hobgoblins
  7 jackals
  7 quokkas
  4 frilled lizards
  15 kobolds
  3 rats
123 creatures vanquished.

Vanquished Creatures (others)
  An arcanist (D:3)
1 creature vanquished.

Grand Total: 124 creatures vanquished

Notes
Turn   | Place    | Note
-------+----------+-------------------------------------------
     0 | D:1      | horus123 the Deep Elf Conjurer began the quest for the Orb.
     0 | D:1      | Reached XP level 1. HP: 10/10 MP: 6/6
   187 | D:1      | Reached XP level 2. HP: 15/15 MP: 6/9
   574 | D:1      | Reached XP level 3. HP: 19/19 MP: 9/11
   577 | D:1      | Learned a level 2 spell: Searing Ray
   597 | D:1      | Reached skill level 5 in Spellcasting
  1281 | D:2      | Reached XP level 4. HP: 24/24 MP: 10/14
  1322 | D:2      | Learned a level 4 spell: Fulminant Prism
  1327 | D:2      | Learned a level 4 spell: Iskenderun's Mystic Blast
  1836 | D:2      | Found Riacelal's Book Shop.
  2185 | D:3      | Reached skill level 5 in Conjurations
  2213 | D:3      | Reached XP level 5. HP: 28/28 MP: 12/15
  2563 | D:3      | Found a bloodstained altar of Trog.
  2564 | D:3      | Noticed a wizard
  2570 | D:3      | Killed a wizard
  2626 | D:4      | Reached skill level 6 in Conjurations
  2701 | D:4      | Reached XP level 6. HP: 32/32 MP: 11/17
  2843 | D:4      | Reached skill level 7 in Conjurations
  3069 | D:4      | Noticed Robin
  3073 | D:4      | Killed Robin
  3174 | D:4      | Learned a level 4 spell: Anguish
  3383 | D:5      | Entered Level 5 of the Dungeon
  3470 | D:5      | Noticed DiddlyDoom's ghost (novice GrEE)
  3470 | D:5      | Found a transporter.
  3474 | D:5      | Identified the ring of Arhawiko {rElec rF+ Will- Dex+6}
  3517 | D:5      | Reached skill level 8 in Conjurations
  3517 | D:5      | Noticed Sigmund
  3526 | D:5      | Killed Sigmund
  3527 | D:5      | Reached XP level 7. HP: 32/36 MP: 10/18
  3548 | D:5      | Shot with an arrow by a centaur

Illustrated notes

Levels and vault maps discovered:
D:1:      spicycebolla_arrival_risky_transporter, layout_rooms
D:2:      layout_basic, serial_shops, shop, chequers_serial_rivers_micro_a
D:3:      layout_loops_cross, trog_wizard
D:4:      layout_basic, uniq_robin
D:5:      layout_basic, gammafunk_ghost_arena, chequers_serial_rivers_room_a,
          minmay_misc_feat_plants, nicolae_fountain_basement, uniq_sigmund

Skill      XL: |  1  2  3  4  5  6 |
---------------+-------------------+-----
Spellcasting   | 4 6 |  6.0
Conjurations   | 5 6 8 |  8.9
Dodging        | |  2.4
Stealth        | |  2.4

Action                     |  1- 3 |  4- 6 |  7- 9 || total
---------------------------+-------+-------+-------++-------
  Melee: Dagger            |    10 |       |       ||    10
         Short sword       |     2 |       |       ||     2
   Cast: Magic Dart        |    87 |   158 |     6 ||   251
         Searing Ray       |     1 |    11 |     1 ||    13
 Armour: Robe              |     4 |    12 |     4 ||    20
  Dodge: Dodged            |    15 |    10 |     2 ||    27

Table legend: (Time is in decaauts)
 A = Elapsed time spent in this place.
 B = Non-inter-level travel time spent in this place.
 C = Inter-level travel time spent in this place.
 D = Time resting spent in this place.
 E = Time spent auto-exploring this place.
 F = Levels seen in this place.
 G = Mean time per level.
                   A        B        C        D        E       F      G
               +--------+--------+--------+--------+--------+-----+--------+
         Total |   3547 |   3479 |     68 |    131 |   2739 |   5 |  709.4 |
       Dungeon |   3547 |   3479 |     68 |    131 |   2739 |   5 |  709.4 |
               +--------+--------+--------+--------+--------+-----+--------+

Top non-repeatable levels by time:
     D:1: 1058 daAuts
     D:2: 863 daAuts
     D:4: 851 daAuts
     D:3: 675 daAuts
     D:5: 98 daAuts
